Map: Central Protocol

Players

EJK - Winner!

  • Race: Terran Terran
  • League: Master

Ninja

  • Race: Zerg Zerg

Event: Gauntlet LotV Series 1 Qualifier 1

VOD

Have the link to the VOD?

Description

Time

  • Played on: Nov. 22, 2015, 4:51 p.m.
  • Length: 9:51

All games in this series

Show
View Real Time Build Order
Export as new Build Order

EJK Terran - Winner!

Build Orders: Reaper Expand, Mech 

Get SALT Encoding   

  12  0:00  SCV  
  13  0:13  SCV  
  14  0:18  Supply Depot  
  14  0:25  SCV  
  15  0:40  SCV  
  16  0:43  Barracks  
  16  0:46  Refinery  
  16  0:52  SCV  
  17  1:04  SCV  
  18  1:16  SCV  
  19  1:30  Orbital Command  
  19  1:32  Reaper  
  20  1:43  Command Center  
  20  1:51  Refinery  
  20  1:58  SCV  
  21  2:04  Reaper  
  21  2:05  Supply Depot  
  22  2:10  SCV  
  23  2:26  SCV  
  24  2:30  Factory  
  24  2:37  Barracks Reactor  
  24  2:38  SCV  
  25  2:50  SCV  
  26  2:58  Orbital Command  
  26  3:02  SCV  
  27  3:10  Bunker  
  27  3:14  Factory Tech Lab, Marine x2  
  27  3:15  SCV  
  30  3:21  Starport  
  30  3:31  SCV x2  
  31  3:34  Marine  
  31  3:35  Siege Tank, Marine  
  36  3:42  Supply Depot  
  36  3:43  SCV x2  
  38  3:52  Marine x2  
  38  3:53  Supply Depot  
  38  3:55  SCV x2  
  42  3:58  Medivac  
  44  4:11  SCV x2  
  44  4:12  Supply Depot, Bunker  
  46  4:19  Marine x2  
  46  4:23  SCV x2  
  50  4:24  Starport  
  50  4:31  Refinery  
  50  4:32  Factory Tech Lab  
  50  4:38  SCV x2  
  52  4:44  Banshee  
  52  4:45  Cloaking Field  
  58  4:52  SCV  
  58  4:53  SCV  
  58  4:57  Supply Depot  
  57  5:05  Command Center, SCV x2  
  59  5:10  Hellion x2  
  62  5:17  SCV x2  
  63  5:22  Banshee  
  63  5:27  Banshee  
  69  5:28  Refinery, Bunker  
  69  5:32  Hellion  
  71  5:36  SCV x2  
  71  5:37  Hellion  
  73  5:50  SCV  
  73  5:54  SCV  
  74  5:58  Hellion  
  74  5:59  Hellion  
  74  6:02  SCV  
  74  6:03  Supply Depot  
  77  6:05  Factory  
  77  6:23  Banshee, Hellion x2  
  77  6:24  Banshee  
  87  6:30  Orbital Command  
  87  6:40  Factory  
  87  6:41  Engineering Bay  
  87  6:43  Supply Depot  
  87  6:46  Hellion x2  
  91  6:50  Armory  
  91  7:01  Orbital Command  
  91  7:02  SCV  
  91  7:03  SCV  
  91  7:06  Banshee x2  
  99  7:28  Hellion x2  
  99  7:29  Factory Tech Lab x2  
  100  7:36  Liberator x2  
  89  7:39  SCV x2  
  89  7:41  SCV  
  85  7:54  Hellion x2  
  85  7:55  Cyclone x2  
  97  8:07  SCV x3  
  97  8:09  Refinery  
  97  8:11  Refinery  
  97  8:12  Supply Depot x3  
  99  8:17  Supply Depot  
  99  8:19  Supply Depot  
  99  8:21  SCV  
  99  8:22  SCV x2  
  99  8:24  Hellion x2  
  106  8:34  Cyclone x2  
  112  8:50  Liberator x2  
  112  8:54  Hellion x2  
  112  8:55  SCV x3  
  119  8:56  Missile Turret  
  119  9:06  Cyclone x2  
  119  9:09  Command Center  
  131  9:14  Missile Turret  
  131  9:18  Missile Turret x2  
Show
View Real Time Build Order
Export as new Build Order

Ninja Zerg 

Build Orders: Hatch First 

Get SALT Encoding   

  12  0:01  Drone  
  13  0:12  Overlord  
  13  0:19  Drone  
  14  0:31  Drone x2  
  14  0:34  Drone  
  17  0:54  Hatchery  
  16  0:58  Drone  
  16  1:00  Extractor  
  16  1:14  Spawning Pool  
  16  1:15  Drone  
  16  1:20  Drone  
  16  1:22  Drone  
  18  1:28  Drone  
  19  1:40  Overlord  
  19  1:49  Drone  
  20  2:01  Queen  
  20  2:03  Metabolic Boost  
  20  2:06  Queen  
  24  2:09  Zergling x2  
  24  2:13  Zergling x2  
  24  2:14  Drone  
  27  2:18  Drone  
  28  2:23  Drone  
  28  2:33  Drone  
  29  2:38  Drone  
  30  2:45  Queen  
  32  2:58  Zergling x4  
  33  3:10  Drone x4  
  33  3:11  Drone  
  33  3:12  Overlord  
  35  3:21  Overlord  
  34  3:31  Drone x2  
  34  3:32  Drone  
  34  3:33  Drone x2  
  34  3:34  Drone  
  39  3:43  Extractor  
  39  3:44  Extractor  
  39  3:45  Roach Warren, Drone  
  37  3:49  Drone x2  
  37  3:54  Drone x2  
  41  3:58  Drone  
  42  4:07  Drone  
  42  4:08  Drone x4  
  46  4:24  Overlord  
  46  4:28  Roach x2  
  50  4:40  Overlord  
  50  4:43  Zergling x2  
  50  4:45  Roach  
  53  4:50  Roach  
  53  4:52  Overlord  
  55  4:58  Roach x3  
  55  4:59  Roach  
  63  5:06  Overlord  
  63  5:07  Overlord x2  
  63  5:12  Roach  
  65  5:14  Overlord  
  65  5:28  Roach x3  
  69  5:29  Ravager x2  
  69  5:30  Ravager  
  69  5:31  Ravager  
  69  5:33  Roach x3  
  81  5:36  Zergling x2  
  80  5:56  Zergling x2  
  80  5:57  Zergling x6  
  83  5:59  Overlord  
  83  6:09  Ravager  
  83  6:10  Roach x3  
  90  6:11  Zergling x2  
  90  6:12  Hatchery, Ravager  
  90  6:13  Overlord  
  88  6:25  Spore Crawler  
  81  6:26  Spore Crawler  
  81  6:28  Spore Crawler  
  81  6:29  Spore Crawler  
  81  6:30  Lair  
  75  6:42  Drone x3  
  78  6:51  Drone x2  
  78  6:52  Drone x2  
  78  6:53  Spore Crawler  
  78  7:00  Ravager x5  
  69  7:19  Zergling x2  
  69  7:20  Zergling x4  
  53  7:30  Zergling x2  
  43  7:38  Spore Crawler  
  43  7:40  Spire  
  43  7:41  Queen  
  31  7:51  Drone  
  31  7:52  Drone x6  
  24  8:48  Hatchery, Spore Crawler  
  22  8:52  Mutalisk x4  
  26  8:55  Drone  
  26  8:58  Drone x2  
  26  8:59  Drone x2  
  31  9:10  Drone  
  31  9:12  Spore Crawler  
  31  9:13  Spore Crawler  
  31  9:15  Overseer  
Tags
 
Add a new tag
Caveats
  • Supply blocks, unpowered buildings, or Contaminate may cause inaccurate times.
  • Supply counts are checked every 10 seconds.